 Dungeon Crawl Stone Soup version 0.30-a0-1094-g860fb061e7 (webtiles) character file.

Game seed: 726376670268722375

65 ragingrage the Sneak (level 4, 0/29 HPs)
             Began as an Octopode Brigand on Apr 17, 2023.
             Slain by a sleepcap (1 damage)
             ... on level 3 of the Dungeon.
             The game lasted 00:02:28 (1451 turns).

ragingrage the Sneak (Octopode Brigand)             Turns: 1451, Time: 00:02:29

Health: 0/29       AC:  1    Str: 10    XL:     4   Next: 14%
Magic:  4/4        EV: 13    Int: 13    God:
Gold:   88         SH:  0    Dex: 15    Spells: 3/3 levels left

rFire   . . .      SeeInvis .    b - +2 spear (venom)
rCold   . . .      Faith    .    (no shield)
rNeg    . . .      Spirit   .    (helmet restricted)
rPois   .          Reflect  .    (no amulet)
rElec   .          Rampage  .    (no ring)
rCorr   .                        (no ring)
Will    .....                    (no ring)
Stlth   ++++                     (no ring)
HPRegen 0.24/turn                (no ring)
MPRegen 0.09/turn                (no ring)
                                 (no ring)
                                 (no ring)

@: no status effects
A: almost no armour, amphibious, 8 rings, camouflage 1, gelatinous body 1,
(nimble swimmer 1), tentacles
a: no special abilities


You were on level 3 of the Dungeon.
You visited 1 branch of the dungeon, and saw 3 of its levels.

You collected 88 gold pieces.

Inventory:

Hand Weapons
 a - a +0 arbalest
 b - a +2 spear of venom (weapon)
 j - a +2 dagger
Missiles
 c - 3 curare-tipped darts
 g - 9 poisoned darts (quivered)
Scrolls
 f - a scroll of identify {unknown}
 k - 2 scrolls of vulnerability {unknown}
 l - a scroll of blinking {unknown}
 m - a scroll of fear {unknown}
Potions
 d - 2 potions of lignification {unknown}
 e - a potion of curing {unknown}
 h - a potion of resistance {unknown}
 i - a potion of might {unknown}
 n - a potion of cancellation {unknown}
 o - a potion of invisibility {unknown}


   Skills:
 - Level 2.0 Fighting
 + Level 3.9 Short Blades
 - Level 2.0 Throwing
 - Level 2.0 Dodging
 - Level 5.3 Stealth


You had 3 spell levels left.
You didn't know any spells.
Your spell library was empty.

Dungeon Overview and Level Annotations

Branches:
Dungeon (3/15)

Altars:

Annotations:
D:1 exclusion: downstairs
D:2 Sigmund


Innate Abilities, Weirdness & Mutations

You cannot wear most types of armour.
You are amphibious.
You can wear up to eight rings at the same time.
Your skin changes colour to match your surroundings (Stealth+).
Your rubbery body absorbs attacks. (AC +1, EV +1)
((You are camouflaged when in or above water. (Stealth+)))
You have tentacles for arms and can constrict up to eight enemies at once.


Message History

You open the door.
Found an escape hatch in the floor.
A bat comes into view.
Found a stone staircase leading up.
A bat is nearby!
A bat is nearby!
A bat is nearby!
Found a stone staircase leading down.
You aren't carrying any pieces of jewellery.
Unknown command.
Unknown command.
Your +2 spear of venom stops dripping with poison.
a - a +0 arbalest (weapon)
A sleepcap comes into view.
A sleepcap is nearby!
A sleepcap is nearby!
You shoot a bolt. The bolt hits the sleepcap!
You shoot a bolt. The bolt hits the sleepcap.
You shoot a bolt.
The bolt hits the sleepcap but does no damage.
The sleepcap closely misses you.
Your +2 spear of venom begins to drip with poison!
b - a +2 spear of venom (weapon)
You hit the sleepcap but do no damage.
The sleepcap is poisoned.
You grab the sleepcap. You constrict the sleepcap.
The sleepcap releases spores at you!
The sleepcap releases spores at you but does no damage.
You hit the sleepcap but do no damage. You constrict the sleepcap.
The sleepcap releases spores at you.
You are engulfed in a cloud of soporific spores!
You fall asleep.
You lose your grip on the sleepcap.
The sleepcap releases spores at you!!
You wake up.
Ouch! That really hurt!
* * * LOW HITPOINT WARNING * * *
Unknown command.
Unknown command.
You hit the sleepcap but do no damage. You grab the sleepcap.
You constrict the sleepcap. The sleepcap releases spores at you.
You die...

..............#.....##
##......####.#.$....#
#......####.#.[..#.
#........+#.#######
#.>.....###.......#
#.....#...#######.##
#.....#........<....
#..##....#####.#######..
##....f@.# .# #.#
#####....# # #.. #...##
#.. #...# #.. #.... #..
....# ########.. ##...#
##........ .....
##.#####.. #..


You could see a sleepcap (very poisoned).

Vanquished Creatures
  Robin (D:2)
  An adder (D:3)
  A worm (D:2)
  A dart slug (D:2)
  6 endoplasms
  3 giant cockroaches
  6 goblins
  7 hobgoblins
  2 ball pythons
  4 bats (D:1)
  A frilled lizard (D:1)
  A kobold (D:2)
  5 rats (D:2)
39 creatures vanquished.

Notes
Turn   | Place    | Note
-------+----------+-------------------------------------------
     0 | D:1      | ragingrage the Octopode Brigand began the quest for the
                  | Orb.
     0 | D:1      | Reached XP level 1. HP: 14/14 MP: 1/1
   136 | D:1      | Reached XP level 2. HP: 19/19 MP: 2/2
   518 | D:1      | Found a faded altar of an unknown god.
   754 | D:2      | Noticed Robin
   829 | D:2      | Noticed Sigmund
   878 | D:2      | Reached XP level 3. HP: 24/24 MP: 3/3
   928 | D:2      | Killed Robin
  1406 | D:3      | Reached XP level 4. HP: 29/29 MP: 4/4
  1450 | D:3      | HP: 1/29 [sleepcap (19)]
  1451 | D:3      | Slain by a sleepcap

Illustrated notes

Levels and vault maps discovered:
D:1:      saegor_arrival_under_anarchy, layout_loops_ring,
          hellmonk_ecumenical_altar_prayer_group, serial_park_tiny_2
D:2:      layout_rooms, kennysheep_boxes, uniq_robin, uniq_sigmund
D:3:      layout_basic, mainiacjoe_overflow_swirl, serial_co_window_serial,
          co_window_corner_a, co_window_of_opportunity_a, co_window_corner_a,
          co_window_corner_a, co_window_corner_a, co_window_corner_a,
          co_window_corner_a, co_window_of_opportunity_b, co_window_2corner,
          co_window_corner_b, co_window_broadway_c, co_window_cross_4,
          co_window_sun, glass_columns_c, glass_columns_a

Skill      XL: |  1  2  3 |
---------------+----------+-----
Short Blades   | 3 |  3.9
Dodging        | 2 |  2.0
Fighting       | |  2.0
Throwing       | |  2.0
Stealth        | |  5.3

Action                     |  1- 3 |  4- 6 || total
---------------------------+-------+-------++-------
  Melee: Dagger            |    17 |       ||    17
         Constrict         |    13 |     2 ||    15
         Spear             |    43 |     3 ||    46
         Tentacles         |     6 |       ||     6
         Punch             |     1 |       ||     1
   Fire: Arbalest          |     6 |     3 ||     9
   Stab: Sleeping          |    12 |       ||    12
 Armour: Skin              |     2 |     1 ||     3
  Dodge: Dodged            |    17 |     1 ||    18

Table legend: (Time is in decaauts)
 A = Elapsed time spent in this place.
 B = Non-inter-level travel time spent in this place.
 C = Inter-level travel time spent in this place.
 D = Time resting spent in this place.
 E = Time spent auto-exploring this place.
 F = Levels seen in this place.
 G = Mean time per level.
                   A        B        C        D        E       F      G
               +--------+--------+--------+--------+--------+-----+--------+
         Total |   1457 |   1316 |    141 |     42 |    946 |   3 |  485.7 |
       Dungeon |   1457 |   1316 |    141 |     42 |    946 |   3 |  485.7 |
               +--------+--------+--------+--------+--------+-----+--------+

Top non-repeatable levels by time:
     D:1: 790 daAuts
     D:2: 612 daAuts
     D:3: 54 daAuts
